 Dungeon Crawl Stone Soup version 0.28-a0-706-gf6f64a616a (webtiles) character file.

Game seed: 9441961391795479986

286 ytrimaz the Chopper (level 6, -3/48 HPs)
             Began as a Formicid Fighter on Oct 24, 2021.
             Slain by an orc warrior (10 damage)
             ... on level 10 of the Dungeon.
             The game lasted 00:04:43 (3021 turns).

ytrimaz the Chopper (Formicid Fighter)              Turns: 3021, Time: 00:04:43

Health: -3/48      AC:  7    Str: 22    XL:     6   Next: 56%
Magic:  6/6        EV:  9    Int:  8    God:
Gold:   923        SH:  4    Dex: 10    Spells: 5/5 levels left

rFire   . . .      SeeInvis +   a - +0 war axe
rCold   . . .      Faith    .   c - +0 buckler
rNeg    . . .      Spirit   .   b - +0 scale mail
rPois   .          Reflect  .   (helmet unavailable)
rElec   .          Harm     .   (no cloak)
rCorr   .          Rampage  .   (no gloves)
Will    .....                   (no boots)
Stlth   ..........              g - amulet of regeneration
HPRegen 1.16/turn               (no ring)
MPRegen 0.10/turn               (no ring)

@: mighty
A: permanent stasis, dig shafts and tunnels, antennae 3, four strong arms
a: Dig, Shaft Self


You were on level 10 of the Dungeon.
You visited 1 branch of the dungeon, and saw 7 of its levels.

You collected 923 gold pieces.

Inventory:

Hand Weapons
 a - a +0 war axe (weapon)
Armour
 b - a +0 scale mail (worn)
 c - a +0 buckler (worn)
Jewellery
 g - an amulet of regeneration (around neck)
Scrolls
 f - a scroll of fog {unknown}
 i - a scroll of brand weapon {unknown}
Potions
 e - a potion of brilliance {unknown}
 h - a potion of degeneration {unknown}
 j - a potion of lignification {unknown}
 k - a potion of ambrosia {unknown}


   Skills:
 + Level 4.1 Fighting
 * Level 5.4 Axes
 + Level 4.3 Armour
 - Level 3.6 Shields


You had 5 spell levels left.
You didn't know any spells.
Your spell library contained the following spells:

 Spells                   Type           Power      Damage    Failure   Level
 Magic Dart               Conj           0%         1d3       73%         1
 Summon Small Mammal      Summ           0%         N/A       73%         1
 Searing Ray              Conj           0%         2d4       86%         2
 Call Canine Familiar     Summ           0%         N/A       97%         3
 Portal Projectile        Hex/Tloc       0%         N/A       97%         3
 Summon Guardian Golem    Hex/Summ       0%         N/A       97%         3
 Fulminant Prism          Conj/Hex       0%         3d6       100%        4
 Blade Hands              Tmut           0%         N/A       100%        5
 Excruciating Wounds      Necr           0%         N/A       100%        5


Dungeon Overview and Level Annotations

Branches:
Dungeon (10/15)
 Temple: D:4-7         Lair: D:8-11         Orc: D:9-12

Altars:
The Shining One

Annotations:
D:2 1 runed translucent door, Crazy Yiuf
D:4 Pikel, Sigmund


Innate Abilities, Weirdness & Mutations

You cannot be hasted, slowed, berserked, paralysed or teleported.
You can dig through walls and to a lower floor.
You have a pair of large antennae on your head. (SInv)
Your four strong arms can wield two-handed weapons with a shield.


Message History

Press: ? - help, v - describe, . - travel The floor.
Press: ? - help, v - describe, . - travel
Here: a rust devil The floor.
You feel very mighty all of a sudden. The orc warrior closely misses you.
The orc warrior closely misses you.
You climb downwards.
The orc wizard gestures wildly while chanting.
The orc wizard flickers and vanishes for a moment.
There is a stone staircase leading up here.
You slice the orc warrior!!
The orc warrior is severely wounded.
The orc warrior hits you but does no damage.
The orc warrior hits you with a +0 short sword!
You closely miss the orc warrior.
The orc warrior is severely wounded.
The orc warrior hits you with a +0 short sword!
You closely miss the orc wizard.
You hit the orc warrior but do no damage.
The orc wizard closely misses you.
The orc warrior hits you with a +0 short sword!
You slash the orc wizard!
The orc wizard is severely wounded.
You hit the orc warrior. You block the orc wizard's attack.
The orc warrior hits you with a +0 short sword!
* * * LOW HITPOINT WARNING * * *
You slice the orc wizard!!
You kill the orc wizard!
You hit the orc warrior but do no damage.
The orc warrior hits you with a +0 short sword.
* * * LOW HITPOINT WARNING * * *
The orc warrior hits you with a +0 short sword.
* * * LOW HITPOINT WARNING * * *
You closely miss the orc warrior.
The orc warrior is almost dead.
You hit the orc. You block the orc's attack.
The orc warrior hits you with a +0 short sword!
You die...

..####.##.># #.# #
..$.......## #.# #
####...#### #.######
##.)...# #.o...o.
#?.###..# ####.... ###
#..# ## #..... .... #?##
..#..... #.#.# #o#
#.#..... ......#@######
...#.#...
#.#.#.o<.....#.####.#...
......#........ ...###
#.#.#.#.####### #..
..... #.# #.# #.#.# #..
#.# .... #.# #.# .#.#
#.# ##.. #.# #...


You could see an orc warrior and an orc.

Vanquished Creatures
  A water moccasin skeleton (D:3)
  A hound (D:4)
  Natasha (thrice) (D:2)
  An orc wizard (D:10)
  A hound skeleton (D:4)
  2 adders (D:3)
  2 worms
  2 dart slugs (D:1)
  7 endoplasms
  2 giant cockroaches
  3 goblins
  10 hobgoblins
  8 jackals
  3 kobolds
  2 quokkas
  8 ball pythons
  9 bats
  8 frilled lizards
  3 rats
76 creatures vanquished.

Notes
Turn   | Place    | Note
-------+----------+-------------------------------------------
     0 | D:1      | ytrimaz the Formicid Fighter began the quest for the Orb.
     0 | D:1      | Reached XP level 1. HP: 18/18 MP: 1/1
    28 | D:1      | Reached XP level 2. HP: 9/24 MP: 2/2
   443 | D:1      | Reached XP level 3. HP: 18/29 MP: 3/3
   895 | D:1      | Identified a scroll of acquirement
   937 | D:1      | Acquired 797 gold pieces
   975 | D:1      | Reached skill level 3 in Axes
  1057 | D:1      | Found a faded altar of an unknown god.
  1264 | D:2      | Noticed Natasha
  1273 | D:2      | Killed Natasha
  1274 | D:2      | Reached XP level 4. HP: 28/37 MP: 4/4
  1399 | D:2      | Noticed Natasha
  1401 | D:2      | Found a glowing golden altar of the Shining One.
  1416 | D:2      | Killed Natasha
  1417 | D:2      | Reached skill level 4 in Axes
  1417 | D:2      | Reached XP level 5. HP: 13/42 MP: 5/5
  1429 | D:2      | Noticed Natasha
  1433 | D:2      | Killed Natasha
  1653 | D:2      | Found a runed translucent door.
  1654 | D:2      | Noticed Crazy Yiuf
  2271 | D:3      | Reached skill level 5 in Axes
  2271 | D:3      | Reached XP level 6. HP: 45/48 MP: 6/6
  2615 | D:4      | Noticed Pikel
  2619 | D:4      | Noticed Sigmund
  2628 | D:4      | You fall into a shaft and drop 3 floors!
  2628 | D:7      | Noticed an orc warrior
  2631 | D:7      | You fall into a shaft and drop 3 floors!
  2631 | D:10     | Entered Level 10 of the Dungeon
  2901 | D:10     | Noticed an orc warrior
  2901 | D:10     | Noticed a steam dragon
  3011 | D:9      | Noticed a rust devil
  3011 | D:9      | Noticed a rust devil
  3011 | D:9      | Noticed an orc warrior
  3011 | D:9      | Noticed an orc warrior
  3021 | D:10     | Slain by an orc warrior

Illustrated notes

Levels and vault maps discovered:
D:1:      amcnicky_arrival_choice, layout_rooms,
          dreamdust_ecumenical_altar_hidden_monk_grotto
D:2:      layout_rooms, basic_altar, uniq_natasha, uniq_crazy_yiuf_cottage
D:3:      layout_loops_ring
D:4:      layout_loops_ring, uniq_sigmund, uniq_pikel
D:7:      minmay_clustersquares, layout_loops_cross, grunt_decor_junction,
          uniq_joseph
D:9:      cheibrodos_iron_armory, layout_rooms, orc_0_dummy, uniq_prince_ribbit1
D:10:     minmay_octagon_keep, layout_rooms, gammafunk_temple_overflow_arena,
          serial_shops, nicolae_shop_crystal, serial_co_window_serial,
          co_window_paths_a, co_window_corner_a, co_window_paths_b,
          co_window_cross_1, co_window_of_opportunity_a, co_window_cross_1,
          co_window_paths_b, co_window_2corner, co_window_corner_b,
          co_window_corner_ca, co_window_2corner, co_window_4corner_a,
          glass_columns_c, glass_columns_a, glass_columns_c, glass_columns_a

Skill      XL: |  1  2  3  4  5 |
---------------+----------------+-----
Axes           | 3 4 5 |  5.4
Armour         | 4 |  4.3
Fighting       | 4 |  4.1
Shields        | |  3.6

Action                   |  1- 3 |  4- 6 || total
-------------------------+-------+-------++-------
Melee: War axe           |   102 |   139 ||   241
 Abil: Dig               |       |     2 ||     2
       Shaft Self        |       |     2 ||     2
  Use: Scroll            |     3 |     2 ||     5
       Potion            |       |     2 ||     2
Armor: Scale mail        |    80 |    63 ||   143
Dodge: Dodged            |    74 |    72 ||   146
Block: Buckler           |    42 |    29 ||    71

Table legend: (Time is in decaauts)
 A = Elapsed time spent in this place.
 B = Non-inter-level travel time spent in this place.
 C = Inter-level travel time spent in this place.
 D = Time resting spent in this place.
 E = Time spent auto-exploring this place.
 F = Levels seen in this place.
 G = Mean time per level.
                   A        B        C        D        E       F      G
               +--------+--------+--------+--------+--------+-----+--------+
         Total |   3096 |   3026 |     70 |    589 |   1616 |   7 |  442.3 |
       Dungeon |   3096 |   3026 |     70 |    589 |   1616 |   7 |  442.3 |
               +--------+--------+--------+--------+--------+-----+--------+

Top non-repeatable levels by time:
     D:1: 1278 daAuts
     D:3: 683 daAuts
     D:2: 520 daAuts
    D:10: 388 daAuts
     D:4: 220 daAuts
     D:9: 2 daAuts
     D:7: 2 daAuts
